 Dungeon Crawl Stone Soup version 0.14-a0-1876-g927fc3a (webtiles) character file.

1076 Deemzul the Gouger (level 7, -5/34 HPs)
             Began as a Felid Monk on Jan 16, 2014.
             Slain by a seven-headed hydra (14 damage)
             ... on Level 9 of the Dungeon.
             The game lasted 00:27:00 (9395 turns).

Deemzul the Gouger (Felid Monk)                     Turns: 9395, Time: 00:27:01

HP  -5/34        AC  2     Str  7      XL: 7   Next: 54%
MP  12/12        EV 26     Int 12      God:
Gold 297         SH  0     Dex 21      Spells:  0 memorised,  6 levels left
Lives: 0, deaths: 2

rFire  . . .     SeeInvis +       - Unarmed
rCold  . . .     Clarity  .     (armour unavailable)
rNeg   . . .     Conserve .     (shield unavailable)
rPois  .         rCorr    .     (helmet unavailable)
rElec  .         rRot     .     (cloak unavailable)
SustAb . .       Spirit   .     (gloves unavailable)
rMut   .         Warding  .     (boots unavailable)
Saprov . . .     Stasis   .     (no amulet)
MR     ++...                    (no ring)
                                h - ring of protection from magic

@: exhausted, quick, very resistant to hostile enchantments, extremely stealthy
A: paw claws, no armour, no advanced items, fangs 3, see invisible, carnivore 3,
speed 1, shaggy fur 2, slow metabolism 2, jump 2
a: Jump Attack


You were on level 9 of the Dungeon.
You were not hungry.

You visited 2 branches of the dungeon, and saw 10 of its levels.

You collected 533 gold pieces.
You spent 236 gold pieces at shops.

Inventory:

Comestibles
 b - 7 meat rations
 m - 4 rotting chunks of wyvern flesh
 p - a cheese
Scrolls
 a - a scroll of fear
 c - 2 scrolls of teleportation
 d - 4 scrolls of enchant weapon I
 e - 3 scrolls of identify
 f - 2 scrolls of fog
 g - a scroll of recharging {unknown}
 k - 2 scrolls of magic mapping
 o - 4 scrolls of remove curse
Jewellery
 h - a ring of protection from magic (left paw)
Potions
 i - 2 potions of poison
 j - 2 potions of lignification
 l - 2 potions of might
 n - a potion of agility
 q - a potion of speed
 r - a potion of heal wounds
 t - a potion of flight


   Skills:
 + Level 6.2 Fighting
 + Level 8.7 Dodging
 - Level 8.0 Stealth
 * Level 8.9 Unarmed Combat


You had 6 spell levels left.
You didn't know any spells.

Dungeon Overview and Level Annotations

Branches:
Dungeon (9/16)             Temple (1/1) D:6
    Orc: D:9-12        Lair: D:8-11

Altars:
Ashenzari
Cheibriados
Elyvilon
Fedhas
Kikubaaqudgha
Makhleb
Nemelex Xobeh
Okawaru
Sif Muna
Trog
Vehumet
Xom
Yredelemnul
Zin
the Shining One

Shops:
D:6 *(=*!


Innate Abilities, Weirdness & Mutations

You cannot wear armour.
You are incapable of any advanced item manipulation.
Your paws have sharp claws.
You have razor-sharp teeth.
You have supernaturally acute eyesight.
You are carnivorous and can eat meat at any time.
You cover ground quickly.
You are covered in thick fur (AC +2).
You need consume almost no food.
You can jump attack at a medium distance.


Message History

The seven-headed hydra bites you!
Ouch! That really hurt!
The seven-headed hydra misses you.
The seven-headed hydra closely misses you.
The seven-headed hydra completely misses you.
The seven-headed hydra bites you!
* * * LOW HITPOINT WARNING * * *
Unknown command.
You are too injured to fight recklessly!
Unknown command.
You see here 16 gold pieces.
You now have 297 gold pieces (gained 16).
Use which ability? (? or * to list)
Aiming: Jump Attack
Press: ? - help, Dir - move target cursor, f - seven-headed hydra
Aim: a seven-headed hydra You jump-attack the seven-headed hydra!
You barely miss the seven-headed hydra.
Your bite misses the seven-headed hydra.
You feel somewhat more hungry. The seven-headed hydra bites you!
You die...

### #.. #.#
###.######
####(.......###
............#.+
#./........#
#......D.###
#.......@#
#........#
####.#####
#...# ##
##'###### #.
#..<....#
########.
#.......#
#.%U.....
#.......#
#.#o##.#.
#.......#
...#....#.


You could see a seven-headed hydra.

Vanquished Creatures
  The ghost of Piginabag the Insei, an average OpTm (D:4)
  A wyvern (D:9)
  A fire dragon skeleton (D:7)
  2 hippogriffs (D:7)
  A hungry ghost (D:9)
  A phantom (D:5)
  An ice beast (D:5)
  A sky beast (D:6)
  An ogre (D:5)
  5 giant frogs
  2 wights (D:7)
  A troll skeleton (D:7)
  4 hounds
  A quasit (D:7)
  5 crimson imps
  An orc priest (D:3)
  3 iguanas
  A centaur skeleton (D:4)
  4 orc wizards
  2 scorpions (D:7)
  4 worker ants
  3 jellies
  7 adders
  3 giant mites
  3 worms
  An adder skeleton (D:6)
  2 oozes (D:7)
  14 orcs
  9 giant cockroaches
  10 goblins
  8 hobgoblins
  4 quokkas
  2 ball pythons
  20 bats
  5 giant newts
  A hobgoblin skeleton (D:7)
  8 jackals
  5 kobolds
  17 rats
  A rat skeleton (D:4)
  A toadstool (D:1)
167 creatures vanquished.

Vanquished Creatures (others)
  A giant spore (D:9)
1 creature vanquished.

Grand Total: 168 creatures vanquished

Notes
Turn   | Place    | Note
--------------------------------------------------------------
     0 | D:1      | Deemzul, the Felid Monk, began the quest for the Orb.
     0 | D:1      | Reached XP level 1. HP: 9/9 MP: 2/2
   130 | D:1      | Found a sparkling altar of Nemelex Xobeh.
   182 | D:1      | Reached XP level 2. HP: 13/13 MP: 3/3
   752 | D:2      | Reached XP level 3. HP: 16/16 MP: 5/5
  1435 | D:3      | Reached XP level 4. HP: 15/20 MP: 7/7
  2031 | D:4      | Reached XP level 5. HP: 22/24 MP: 8/8
  2107 | D:4      | Reached skill level 5 in Dodging
  2249 | D:4      | Noticed Piginabag's ghost (average OpTm)
  2283 | D:5      | Entered Level 5 of the Dungeon
  2393 | D:5      | Noticed an ogre
  2415 | D:5      | Killed an ogre
  2415 | D:5      | Gained mutation: You are covered in thick fur (AC +2). [growing up]
  2415 | D:5      | Gained mutation: You can jump attack at a medium distance. [growing up]
  2415 | D:5      | Reached XP level 6. HP: 28/28 MP: 10/10
  2455 | D:5      | Noticed an ice beast
  2913 | D:5      | Reached skill level 5 in Unarmed Combat
  3058 | D:5      | Noticed a phantom
  3101 | D:6      | Found Thruawue's Distillery.
  3117 | D:6      | Reached skill level 5 in Stealth
  3121 | D:6      | Bought a potion of poison for 13 gold pieces
  3121 | D:6      | Bought a potion of might for 32 gold pieces
  3121 | D:6      | Bought a potion of speed for 71 gold pieces
  3121 | D:6      | Bought a potion of heal wounds for 39 gold pieces
  3167 | D:6      | Found Klaura's Assorted Antiques.
  3170 | D:6      | Bought a bubbling white potion for 25 gold pieces
  3170 | D:6      | Bought a scroll labeled PYMYPY CEOGY for 28 gold pieces
  3170 | D:6      | Bought a scroll labeled VETRANTA NEIS for 28 gold pieces
  3171 | D:6      | Gained mutation: You need consume almost no food. [potion of beneficial mutation]
  3172 | D:6      | Found Feluethu's Jewellery Emporium.
  3179 | D:6      | Reached XP level 7. HP: 23/31 MP: 12/12
  3205 | D:6      | Reached skill level 6 in Dodging
  3458 | D:6      | Found Saxaosikh's Weapon Boutique.
  3493 | D:6      | Found Pabley's General Store.
  3625 | D:6      | Found a staircase to the Ecumenical Temple.
  3638 | Temple   | Entered the Ecumenical Temple
  4780 | D:5      | Killed a phantom
  4846 | D:5      | Killed an ice beast
  4846 | D:5      | Reached XP level 8. HP: 36/36 MP: 13/13
  4978 | D:4      | Killed Piginabag's ghost
  4978 | D:4      | Reached skill level 7 in Unarmed Combat
  5449 | D:3      | Reached skill level 5 in Fighting
  6355 | D:7      | Reached skill level 8 in Unarmed Combat
  6449 | D:7      | Noticed a fire dragon skeleton
  6791 | D:7      | Reached XP level 9. HP: 22/40 MP: 15/15
  7764 | D:7      | Killed a fire dragon skeleton
  8731 | D:9      | Slain by a wyvern
  8732 | D:9      | Reached XP level 8. HP: -1/38 MP: 13/13
  8971 | D:9      | Found a bloodstained altar of Trog.
  9376 | D:9      | Paralysed by a giant eyeball for 4 turns
  9378 | D:9      | Slain by a black bear
  9379 | D:9      | Reached XP level 7. HP: -1/34 MP: 12/12
  9385 | D:9      | Noticed a seven-headed hydra
  9395 | D:9      | Slain by a seven-headed hydra

Action                   |  1- 3 |  4- 6 |  7- 9 || total
-------------------------+-------+-------+-------++-------
Melee: Unarmed           |   102 |   181 |   354 ||   637
 Abil: Jump Attack       |       |     6 |     8 ||    14
  Use: Potion            |       |     4 |     3 ||     7
       Scroll            |       |     7 |     6 ||    13
 Stab: Sleeping          |    14 |     6 |    25 ||    45
       Distracted        |       |       |     4 ||     4
